 Dungeon Crawl Stone Soup version 0.28-a0-239-g68911e0c57 (webtiles) character file.

Game seed: 6896300157430653321

11 Colgate the Chopper (level 2, 0/24 HPs)
             Began as a Vine Stalker Berserker on Aug 23, 2021.
             Was a Follower of Trog.
             Slain by a hobgoblin (2 damage)
             ... on level 1 of the Dungeon.
             The game lasted 00:00:44 (285 turns).

Colgate the Chopper (Vine Stalker Berserker)         Turns: 285, Time: 00:00:44

Health: 0/24       AC:  2    Str: 19    XL:     2   Next: 25%
Magic:  0/3        EV: 12    Int:  7    God:    Trog [*.....]
Gold:   1          SH:  0    Dex: 13    Spells: 1/1 levels left

rFire   . . .      SeeInvis .   a - +0 hand axe
rCold   . . .      Faith    .   (no shield)
rNeg    . . .      Spirit   +   b - +0 animal skin
rPois   .          Reflect  .   (no helmet)
rElec   .          Harm     .   (no cloak)
rCorr   .          Rampage  .   (no gloves)
Will    .....                   (no boots)
Stlth   ..........              (no amulet)
HPRegen 0.08/turn               (no ring)
MPRegen 0.08/turn               (no ring)

@: berserking, very quick
A: fangs 2, magic shield, antimagic bite, no potion heal 2
a: Renounce Religion, Berserk


You were on level 1 of the Dungeon.
You worshipped Trog.
Trog was aware of your devotion.
You visited 1 branch of the dungeon, and saw 1 of its levels.

You collected 1 gold pieces.


Innate Abilities, Weirdness & Mutations

You have extremely sharp teeth.
When hurt, damage is shared between your health and your magic reserves.
Your bite disrupts and absorbs the magic of your enemies.
Potions cannot restore your health.


   Skills:
 - Level 2.6 Fighting
 + Level 3.0 Axes
 - Level 1.5 Armour
 - Level 1.5 Dodging
 + Level 1.0 Evocations


You had one spell level left.
You didn't know any spells.
Your spell library was empty.

Inventory:

Hand Weapons
 a - a +0 hand axe (weapon)
 c - a +0 club
Armour
 b - a +0 animal skin (worn)
Jewellery
 d - a +4 ring of evasion
Scrolls
 e - a scroll of amnesia {unknown}

Dungeon Overview and Level Annotations

Branches:
Dungeon (1/15)

Altars:


Message History

The giant cockroach is heavily wounded.
The giant cockroach barely misses you. The giant cockroach bites you.
You hit the giant cockroach but do no damage.
You bite the giant cockroach, but do no damage.
The giant cockroach is heavily wounded.
The giant cockroach closely misses you.
You hit the giant cockroach.
You kill the giant cockroach!
Trog accepts your kill.
e - a scroll labelled NESUNU QIONUCODGH 2 hobgoblins come into view.
The hobgoblin shouts! x2
A quokka comes into view.
A bat comes into view.
You hit the hobgoblin but do no damage. Your bite misses the hobgoblin.
The hobgoblin barely misses you. The bat misses you.
You closely miss the bat. You bite the bat. You drain its power.
The bat is moderately wounded.
You closely miss the hobgoblin. x2
The bat closely misses you.
The quokka twitches its whiskers.
The hobgoblin barely misses you. The hobgoblin hits you.
The hobgoblin closely misses you.
You closely miss the hobgoblin. You hit the hobgoblin. The hobgoblin hits you.
The hobgoblin barely misses you. The bat hits you but does no damage.
You closely miss the bat.
The bat is moderately wounded.
You hit the hobgoblin. x2; You barely miss the quokka.
The bat barely misses you. The bat misses you. The quokka bites you.
The hobgoblin completely misses you. The hobgoblin hits you.
284 ||| INVOKING Berserk.
You fail to use your ability.
The bat closely misses you. The quokka misses you. The hobgoblin hits you.
The hobgoblin closely misses you. The quokka bites you.
285 ||| INVOKING Berserk.
A red film seems to cover your vision as you go berserk!
You feel yourself moving faster!
You feel mighty! The bat hits you but does no damage.
The hobgoblin closely misses you. The bat misses you. The hobgoblin hits you.
You die...

###### #.# #.#.#
....##. #.#.# ....#.#
#.#.# .....#. #.#.#
......# #.#.#
###....... #.#.#
#......... #.#.#
#.bg.....# #######.#.#
#.@g....#
..........####..r...#.#
#######.............#
#######......#.#
.......#.#..
##>#....##...
#.##..#..... #.
#........ #. ##.####


You could see a quokka, 2 hobgoblins and a bat.

Vanquished Creatures
  A dart slug (D:1)
  A ball python (D:1)
  An endoplasm (D:1)
  A giant cockroach (D:1)
  A goblin (D:1)
  A hobgoblin (D:1)
  A frilled lizard (D:1)
  A rat (D:1)
8 creatures vanquished.

Notes
Turn   | Place    | Note
-------+----------+-------------------------------------------
     0 | D:1      | Colgate the Vine Stalker Berserker began the quest for the
                  | Orb.
     0 | D:1      | Reached XP level 1. HP: 11/11 MP: 2/2
     0 | D:1      | 0 ||| counter = 42
    19 | D:1      | Noticed a rime drake
    19 | D:1      | Noticed an anaconda
    19 | D:1      | Noticed a komodo dragon
    20 | D:1      | Noticed a black bear
   220 | D:1      | Reached XP level 2. HP: 15/16 MP: 3/3
   244 | D:1      | Reached skill level 3 in Axes
   244 | D:1      | Reached skill level 1 in Evocations
   284 | D:1      | 284 ||| INVOKING Berserk.
   284 | D:1      | HP: 4/16 [hobgoblin (2)]
   284 | D:1      | HP: 1/16 [quokka (3)]
   285 | D:1      | 285 ||| INVOKING Berserk.
   285 | D:1      | Slain by a hobgoblin

Levels and vault maps discovered:
D:1:      onia_arrival_zoo_common, layout_loops_ring, serial_shops,
          nicolae_shop_waterfront, minmay_misc_feat_secret_circle, minmay_cupped

Skill      XL: |  1  2 |
---------------+-------+-----
Axes           | 3 |  3.0
Evocations     | 1 |  1.0
Fighting       | |  2.6
Armour         | |  1.5
Dodging        | |  1.5

Action                   || total
-------------------------++-------
Melee: Hand axe          ||    23
       Bite              ||     6
Invok: Berserk           ||     1
Armor: Animal skin       ||     4
Dodge: Dodged            ||    27

Table legend:
 A = Non-vault XP
 B = Vault XP
 C = Vault XP percentage of total XP
 D = Non-vault monster count
 E = Vault monster count
 F = Vault count percentage of total count
                 A         B        C        D         E       F
            +---------+---------+-------+---------+---------+-------
      Total |      16 |       0 |   0.0 |       8 |       0 |   0.0
            +---------+---------+-------+---------+---------+-------
        D:1 |      16 |       0 |   0.0 |       8 |       0 |   0.0
            +---------+---------+-------+---------+---------+-------
